AoeStats
← JamesNewstedd

Hideout

509569163Analyzed
1v1 RM · 5d ago on Sep 27, 2026· 17m 47s· 2 players
Game mode
Random Map
Map size
Tiny (2 player)
Population
200
Speed
Normal
Resources
Standard
Victory
Conquest
Starting age
Dark Age
Ending age
Imperial Age
RankedLock teamsTeams togetherTeam positionsShared explorationLock speedFull tech treeHidden civsTurbo modeCheats
Victory
Defeat
🇧🇷 Inca · Brazil
1905
+11
🇩🇪 Magyars · Germany
1796
-11
JamesNewstedd
6:42 Loom
8:48 Feudal Age
9:05 Man-at-Arms
10:12 Horse Collar
12:59 Double-Bit Axe
13:53 Arson
se7e
6:56 Loom
9:05 Feudal Age
9:51 Double-Bit Axe
10:08 Champi Runner
17:10 Forging
Connection lost

Rejoining the realm…

Still unreachable

The connection could not be restored.

Session expired

The server has moved on; the page needs a fresh start.